 Dungeon Crawl Stone Soup version 0.20-a0-1126-g0f15420 (webtiles) character file.

110 HAL9000 the Skirmisher (level 4, -2/73 HPs)
             Began as an Ogre Hunter on May 17, 2017.
             Killed by divine providence
             ... invoked by an orc priest
              (12 damage)
             ... on level 3 of the Dungeon.
             The game lasted 00:03:48 (2112 turns).

HAL9000 the Skirmisher (Ogre Hunter)                Turns: 2112, Time: 00:03:49

Health: -2/73      AC: 22    Str: 17      XL:     4   Next: 91%
Magic:  4/4        EV:  1    Int: 11 (12) God:
Gold:   113        SH:  0    Dex:  9      Spells: 3/3 levels left

rFire    . . .     SeeInvis +   n - +0 mace
rCold    . . .     Gourm    .   (no shield)
rNeg     + + +     Faith    .   (armour currently unavailable)
rPois    +         Spirit   .   (helmet currently unavailable)
rElec    .         Reflect  .   (cloak currently unavailable)
rCorr    .         Harm     .   (gloves unavailable)
MR       .....     NoTele   +   (boots unavailable)
Stlth    +.........             q - amulet of regeneration
Regen    0.7/turn               m - ring of see invisible
MPRegen  0.1/turn               (no ring)

@: tree-form, drained
A: unfitting armour, deterioration 1, evolution 1
a: no special abilities


You were on level 3 of the Dungeon.
You were not hungry.
You were a tree.
You visited 1 branch of the dungeon, and saw 3 of its levels.

You collected 113 gold pieces.

Inventory:

Hand Weapons
 n - a +0 mace (weapon)
Missiles
 c - 3 large rocks (quivered)
 d - 2 throwing nets
Armour
 b - a +0 robe (melded)
Jewellery
 m - a ring of see invisible (left branch)
 q - an amulet of regeneration (around neck)
Scrolls
 i - 2 scrolls of identify
 u - 2 scrolls of recharging {unknown}
Potions
 h - 3 potions of curing
 k - a potion of resistance {unknown}
 o - a potion of flight {unknown}
 t - a potion of mutation
 w - a potion of heal wounds {unknown}
Comestibles
 f - 3 bread rations
 g - 2 meat rations
 l - a royal jelly
 s - 4 fruits
 x - 2 chunks of flesh


   Skills:
 - Level 4.7(4.3) Fighting
 + Level 1.6(1.3) Maces & Flails
 - Level 4.0(3.6) Throwing
 - Level 1.7(1.4) Dodging
 - Level 0.6(0.2) Stealth
 - Level 2.0(1.7) Unarmed Combat


You had 3 spell levels left.
You didn't know any spells.

Dungeon Overview and Level Annotations

Branches:
Dungeon (3/15)

Altars:


Innate Abilities, Weirdness & Mutations

You are too large for most types of armour.
((You have tough skin. (AC +1)))
((You are partially covered in molten scales. (AC +2)))
Your body sometimes deteriorates upon taking damage.
((You are resistant to electric shocks. (rElec)))
You evolve.


Message History

The orc is lightly wounded.
The orc hits you but does no damage. x3
You hit the orc but do no damage.
The orc is lightly wounded.
The orc hits you but does no damage.
The orc priest hits you but does no damage.
The orc hits you but does no damage. x2
You barely miss the orc.
The orc priest hits you but does no damage.
The orc hits you but does no damage. The orc barely misses you.
The orc priest hits you but does no damage.
You barely miss the orc. The orc hits you but does no damage. x2
The orc priest hits you but does no damage.
The orc hits you but does no damage.
You completely miss the orc. The orc hits you but does no damage. x2
The orc priest hits you but does no damage.
You closely miss the orc. The orc hits you but does no damage. x2
The orc priest calls down the wrath of Beogh upon you.
Beogh smites you!
You die...

#.#.....##.##+##....#
#........
###'w##.#<..........#
#.....### #....#
###.†.......#
#......## #......#
#.........# #......#
..##.#K.# ###'#######
######.# .. .♣...#
#....## .# .. ♣ #..#
#.....# .. .
.######....# .#
##...##..♣o# .#
##....#####o#
#...)o.oo..o#
#.##)######## .###
#(.(...#
.....##......#
.....''(.....#
.....##......#
.....##......#


You could see an orc priest and 2 orcs.

Vanquished Creatures
  A hound zombie (D:2)
  A gnoll (D:1)
  An adder (D:3)
  3 worms
  2 dart slugs
  4 leopard geckos
  An orc (D:3)
  3 giant cockroaches
  9 goblins
  3 hobgoblins
  7 jackals
  3 quokkas
  5 bats
  2 frilled lizards
  7 kobolds
  4 rats (D:1)
56 creatures vanquished.

Notes
Turn   | Place    | Note
-------+----------+-------------------------------------------
     0 | D:1      | HAL9000 the Ogre Hunter began the quest for the Orb.
     0 | D:1      | Reached XP level 1. HP: 22/22 MP: 1/1
   165 | D:1      | Reached XP level 2. HP: 26/32 MP: 2/2
   281 | D:1      | Reached XP level 3. HP: 28/40 MP: 3/3
  1099 | D:2      | Reached skill level 1 in Unarmed Combat
  1562 | D:2      | Reached XP level 4. HP: 47/49 MP: 4/4
  1792 | D:3      | Reached skill level 1 in Maces & Flails
  2102 | D:3      | Gained mutation: Your body sometimes deteriorates upon taking damage. [potion of mutation]
  2102 | D:3      | Gained mutation: You evolve. [potion of mutation]
  2102 | D:3      | Gained mutation: You are resistant to electric shocks. (rElec) [potion of mutation]
  2102 | D:3      | Gained mutation: You are partially covered in molten scales. (AC +2) [potion of mutation]
  2102 | D:3      | HP: 2/49 [orc/falchion (6)]
  2112 | D:3      | Killed from afar by an orc priest

Vault maps used:
D:1:      roderic_chinese_lattice_arrival, minmay_distorted
D:2:      minmay_misc_feat_ornament
D:3:      kennysheep_generic_room_3, uniq_robin

Skill      XL: |  1  2  3  4 |
---------------+-------------+-----
Fighting       | 3 4 |  4.7
Unarmed Combat | 2 |  2.0
Maces & Flails | 1 |  1.6
Throwing       | |  4.0
Dodging        | |  1.7
Stealth        | |  0.6

Action                   |  1- 3 |  4- 6 || total
-------------------------+-------+-------++-------
Melee: Short sword       |    64 |       ||    64
       Mace              |    60 |    83 ||   143
Throw: Large rock        |       |     2 ||     2
  Use: Scroll            |       |     2 ||     2
       Potion            |       |     2 ||     2
  Eat: Chunk             |     2 |     2 ||     4
Armor: Robe              |    61 |    33 ||    94
       Skin              |       |    19 ||    19
Dodge: Dodged            |    96 |    51 ||   147
